 Dungeon Sprint DCSS version 0.31-a0-868-g674d60d6f7 (webtiles) character file.

Game seed: 9022035354941968796

620 rocky1 the Carver (level 7, -2/50 HPs)
             Began as a Djinni Gladiator on Oct 12, 2023.
             Was an Initiate of Gozag.
             Slain by a neqoxec (12 damage)
             ... in the Dungeon (Sprint II: "The Violet Keep of Menkaure").
             The game lasted 00:01:45 (272 turns).

rocky1 the Carver (Djinni Gladiator)                 Turns: 272, Time: 00:01:46

Health: -2/50      AC:  4    Str: 13    XL:     7   Next: 74%
Gold:   243        EV: 16    Int: 10    God:    Gozag SH:  0 Dex: 16

rFire   + + .        a - +0 long sword
rCold   x . .        (no shield)
rNeg    . . .        b - +0 leather armour
rPois   ∞            c - +0 helmet
rElec   .            (no cloak)
rCorr   .            (no gloves)
SInv    .            (boots unavailable)
Will    .....        (no amulet)
Stlth   +            (no ring)
HPRegen 0.28/turn    (no ring)
MPRegen 0.00/turn

%: no teleportation, infuse magic (-3 HP)
@: flying, hasted (expiring), very quick
A: sickness immunity, fire resistance 2, cold vulnerability 1, float, innate
caster, HP casting, extra vitality 1, frail 1
a: Renounce Religion, Potion Petition, Call Merchant, Bribe Branch


You were in the Dungeon.
You worshipped Gozag.
Gozag was aware of your devotion.
You visited 1 branch You collected 243 gold pieces.

Inventory:

Hand Weapons
 a - a +0 long sword (weapon)
Missiles
 d - 3 throwing nets (quivered)
 e - a javelin
Armour
 b - a +0 leather armour (worn)
 c - a +0 helmet (worn)
Scrolls
 j - a scroll of blinking


   Skills:
 + Level 6.2 Fighting
 * Level 11.2 Long Blades
 - Level 3.2 Throwing
 - Level 1.3 Armour
 - Level 8.8 Dodging
 * Level 1.0 Spellcasting
 * Level 1.0 Conjurations
 * Level 1.0 Hexes
 * Level 1.0 Summonings
 * Level 1.0 Necromancy
 * Level 1.0 Translocations
 * Level 1.0 Transmutations
 * Level 1.0 Fire Magic
 * Level 1.0 Ice Magic
 * Level 1.0 Air Magic
 * Level 1.0 Earth Magic
 * Level 1.0 Poison Magic


You knew the following spells:

 Your Spells              Type           Power      Damage    Failure   Level
a - Necrotise             Necr           8%         1d4       28%         1
b - Lesser Beckoning      Tloc           4%         N/A       41%         2
c - Wereblood             Tmut           2%         N/A       41%         2
Your spell library was empty.

Dungeon Overview and Level Annotations

Branches:
Dungeon (1/1)

Altars:
Cheibriados
Dithmenos
Elyvilon
Fedhas
Gozag
Hepliaklqana
Makhleb
Nemelex Xobeh
Okawaru
Qazlal
Ru
Trog
Uskayaw
Wu Jian
Xom
Yredelemnul
Zin
The Shining One
Jiyva
Lugonu


Innate Abilities, Weirdness & Mutations

You are immune to sickness and miasma.
You are immune to poison.
Your flesh is very heat resistant. (rF++)
You are vulnerable to cold. (rC-)
You float through the air rather than walking.
You learn spells naturally, not from books.
Your magical power is your life essence.
You have superior vitality. (+4 MHP)
You are frail. (-10% HP)


Message History

The neqoxec is heavily wounded.
You hit the neqoxec.
The neqoxec is severely wounded.
The neqoxec hits you.
* * * LOW HITPOINT WARNING * * *
You hit the neqoxec but do no damage.
The neqoxec is heavily wounded.
You barely miss the neqoxec.
The neqoxec is heavily wounded.
The neqoxec barely misses you.
You closely miss the neqoxec.
The neqoxec is heavily wounded.
You slash the neqoxec!
The neqoxec is almost dead.
Your extra speed is starting to run out.
The neqoxec barely misses you.
You barely miss the neqoxec.
The neqoxec is almost dead.
You hit the neqoxec. Your punch misses the neqoxec.
The neqoxec is almost dead.
The neqoxec hits you.
* * * LOW HITPOINT WARNING * * *
You closely miss the neqoxec.
The neqoxec is almost dead.
The neqoxec gestures at you.
Something tries to feed on your intellect!
You hit the neqoxec but do no damage.
The neqoxec is almost dead.
You barely miss the neqoxec.
The neqoxec is almost dead.
The neqoxec gestures at you.
Strange energies course through your body.
You feel frail.
You barely miss the neqoxec.
The neqoxec is almost dead.
You hit the neqoxec.
The neqoxec is almost dead.
The neqoxec hits you!
You die...
Your body crumbles into a pile of gold.

.. .#### .### ...#
...# ###..## #..#
#+# #.##..# +..#
##.###..#..# #..#
+.<.'.##+..####.^##
##.###..#....###...
#@# #.##.....§~~~~
#.3.####~~....§~#'#
#..##.#~~~~~~~..~#_.
### ##~~~~~~~§.~#._
#~~~§≈≈§~§§~#_.
~~~~~§≈≈§§§~§#._
+++#~§≈§§≈§≈§#_.
##≈≈≈###§§#._ ##§≈
#≈≈#..


You could see a neqoxec.

Vanquished Creatures
  3 neqoxecs (D)
  4 scorpions (D)
7 creatures vanquished.

Vanquished Creatures (others)
  Menkaure (D)
  A water moccasin (D)
2 creatures vanquished.

Grand Total: 9 creatures vanquished

Notes
Turn   | Place    | Note
-------+----------+-------------------------------------------
     0 | D        | rocky1 the Djinni Gladiator began the quest for the Orb.
     0 | D        | Reached XP level 1. HP: 18/18 MP: 0/0
     1 | D        | Noticed a scorpion
     1 | D        | Noticed a scorpion
    11 | D        | Killed a scorpion
    12 | D        | Reached skill level 5 in Long Blades
    12 | D        | Reached XP level 2. HP: 22/24 MP: 0/0
    12 | D        | Reached XP level 3. HP: 26/29 MP: 0/0
    12 | D        | Learned a level 1 spell: Necrotise
    12 | D        | Reached XP level 4. HP: 31/34 MP: 0/0
    15 | D        | Killed a scorpion
    16 | D        | Reached skill level 6 in Long Blades
    16 | D        | Reached XP level 5. HP: 36/40 MP: 0/0
    16 | D        | Learned a level 2 spell: Lesser Beckoning
    29 | D        | Killed Menkaure
    40 | D        | Reached skill level 7 in Long Blades
    40 | D        | Reached skill level 1 in Armour
    40 | D        | Reached XP level 6. HP: 9/48 MP: 0/0
    42 | D        | Killed a water moccasin
   178 | D        | Found an iron altar of Okawaru.
   179 | D        | Found a sparkling altar of Nemelex Xobeh.
   179 | D        | Found a hide-covered altar of Uskayaw.
   179 | D        | Found a glowing silver altar of Zin.
   180 | D        | Found an opulent altar of Gozag.
   180 | D        | Found a burning altar of Makhleb.
   180 | D        | Found a bloodstained altar of Trog.
   180 | D        | Found a basalt altar of Yredelemnul.
   181 | D        | Found a blossoming altar of Fedhas.
   181 | D        | Found a corrupted altar of Lugonu.
   182 | D        | Found a white marble altar of Elyvilon.
   182 | D        | Found a shimmering altar of Xom.
   182 | D        | Found a sacrificial altar of Ru.
   183 | D        | Found a shadowy altar of Dithmenos.
   183 | D        | Found a viscous altar of Jiyva.
   185 | D        | Found a snail-covered altar of Cheibriados.
   187 | D        | Found a hazy altar of Hepliaklqana.
   188 | D        | Found a glowing golden altar of the Shining One.
   188 | D        | Found an ornate altar of the Wu Jian Council.
   188 | D        | Found a stormy altar of Qazlal.
   190 | D        | Became a worshipper of Gozag Ym Sagoz the Greedy
   212 | D        | Noticed a neqoxec
   212 | D        | Noticed a neqoxec
   212 | D        | Noticed a neqoxec
   212 | D        | Noticed a neqoxec
   221 | D        | Killed a neqoxec
   222 | D        | Reached skill level 5 in Fighting
   222 | D        | Reached skill level 9 in Long Blades
   241 | D        | Killed a neqoxec
   242 | D        | Reached skill level 10 in Long Blades
   242 | D        | Reached XP level 7. HP: 35/55 MP: 0/0
   242 | D        | Learned a level 2 spell: Wereblood
   251 | D        | Killed a neqoxec
   252 | D        | Reached skill level 11 in Long Blades
   252 | D        | Reached skill level 1 in Spellcasting
   252 | D        | Reached skill level 1 in Conjurations
   252 | D        | Reached skill level 1 in Hexes
   252 | D        | Reached skill level 1 in Summonings
   252 | D        | Reached skill level 1 in Necromancy
   252 | D        | Reached skill level 1 in Translocations
   252 | D        | Reached skill level 1 in Transmutations
   252 | D        | Reached skill level 1 in Fire Magic
   252 | D        | Reached skill level 1 in Ice Magic
   252 | D        | Reached skill level 1 in Air Magic
   252 | D        | Reached skill level 1 in Earth Magic
   252 | D        | Reached skill level 1 in Poison Magic
   270 | D        | Gained mutation: You are frail. (-10% HP) [a neqoxec]
   272 | D        | Slain by a neqoxec

Illustrated notes

Levels and vault maps discovered:
D:        the_violet_keep_of_menkaure [sprint2_stairs_cluster_1,
          sprint2_shoproom, sprint2_temple, sprint2_basic_supplies,
          sprint2_obstacle_7, sprint2_obstacle_6, sprint2_obstacle_3,
          sprint2_obstacle_2, sprint2_obstacle_5, sprint2_timed_cluster_1,
          sprint2_smallroom_cluster_1, sprint2_smallroom_final_cluster_1,
          sprint2_transparent_cluster_1, sprint2_second_timed_cluster_1,
          sprint2_sniper_area_1, sprint2_heavy_combat_area_1,
          sprint2_mutation_trap_area_1, sprint2_forest_area_1,
          sprint2_light_combat_area_1, sprint2_behind_water_1,
          sprint2_near_end_vault_1]

Skill      XL: |  1  2  3  4  5  6  7 |
---------------+----------------------+-----
Long Blades    | 5 6 7 10 11 | 11.2
Throwing       | 2 3 |  3.2
Dodging        | 6 7 8 |  8.8
Fighting       | 3 4 5 6 |  6.2
Armour         | 1 |  1.3
Spellcasting   | 1 |  1.0
Conjurations   | 1 |  1.0
Hexes          | 1 |  1.0
Summonings     | 1 |  1.0
Necromancy     | 1 |  1.0
Translocations | 1 |  1.0
Transmutations | 1 |  1.0
Fire Magic     | 1 |  1.0
Ice Magic      | 1 |  1.0
Air Magic      | 1 |  1.0
Earth Magic    | 1 |  1.0
Poison Magic   | 1 |  1.0

Action                     |  1- 3 |  4- 6 |  7- 9 || total
---------------------------+-------+-------+-------++-------
  Melee: Long sword        |     9 |    50 |    27 ||    86
    Use: Potion            |     1 |     2 |     1 ||     4
 Armour: Leather armour    |     6 |    21 |     7 ||    34
  Dodge: Dodged            |     3 |    34 |     6 ||    43

Table legend: (Time is in decaauts)
 A = Elapsed time spent in this place.
 B = Non-inter-level travel time spent in this place.
 C = Inter-level travel time spent in this place.
 D = Time resting spent in this place.
 E = Time spent auto-exploring this place.
 F = Levels seen in this place.
 G = Mean time per level.
                   A        B        C        D        E       F      G
               +--------+--------+--------+--------+--------+-----+--------+
         Total |    264 |    264 |      0 |    127 |      0 |   1 |  264.0 |
       Dungeon |    264 |    264 |      0 |    127 |      0 |   1 |  264.0 |
               +--------+--------+--------+--------+--------+-----+--------+

Top non-repeatable levels by time:
       D: 264 daAuts
